Map: Odyssey LE

Players

SpeCial - Winner!

  • Race: Terran Terran
  • Spawn Location: 5:00

TYTY (TY)

  • Race: Terran Terran
  • Spawn Location: 11:00

Event: 2017 WCS Global Finals

VOD

Have the link to the VOD?

Description

Time

  • Played on: Oct. 29, 2017, 11:37 a.m.
  • Length: 10:51

All games in this series

Show
View Real Time Build Order
Export as new Build Order

SpeCial Terran - Winner!

Build Orders: Gas First Reaper Expand, Hellion Opening, Reaper Expand, Bio Tank 

Get SALT Encoding   

  12  0:00  SCV  
  13  0:12  SCV  
  14  0:17  Supply Depot  
  14  0:24  SCV  
  14  0:27  Refinery  
  15  0:39  SCV  
  16  0:44  Barracks  
  16  0:51  SCV  
  17  1:03  SCV  
  18  1:15  SCV  
  19  1:31  Reaper, Orbital Command  
  20  1:56  Command Center  
  20  2:00  Factory  
  20  2:01  SCV  
  20  2:06  Barracks Reactor  
  21  2:12  Supply Depot  
  21  2:14  SCV  
  22  2:20  Refinery  
  22  2:26  SCV  
  23  2:38  SCV  
  24  2:47  Starport  
  24  2:50  Hellion x2, SCV  
  29  2:55  Barracks Tech Lab  
  29  3:03  SCV  
  30  3:08  Orbital Command  
  32  3:12  Hellion  
  32  3:17  Hellion  
  32  3:19  SCV  
  35  3:29  Raven  
  35  3:31  SCV  
  35  3:33  SCV  
  39  3:38  Hellion  
  39  3:41  Hellion  
  43  3:43  SCV  
  43  3:44  Supply Depot  
  43  3:46  SCV  
  45  3:54  Supply Depot  
  46  3:55  SCV  
  45  4:02  Barracks Tech Lab  
  45  4:04  SCV  
  45  4:07  SCV  
  45  4:08  Cyclone  
  50  4:10  Cyclone  
  50  4:16  SCV  
  54  4:19  SCV  
  54  4:20  Viking  
  54  4:23  Supply Depot  
  57  4:27  Marine  
  57  4:28  SCV  
  59  4:32  SCV  
  60  4:40  SCV  
  60  4:44  Stimpack, SCV  
  62  4:51  Command Center  
  58  4:53  SCV, Marine  
  58  4:56  SCV  
  61  5:02  Barracks x2  
  61  5:05  SCV  
  62  5:07  Siege Tank  
  62  5:11  Marine  
  62  5:12  Supply Depot, Starport Reactor  
  66  5:16  SCV  
  67  5:27  SCV  
  68  5:28  SCV, Marine  
  68  5:39  SCV  
  68  5:40  Refinery, Engineering Bay  
  68  5:41  Refinery, SCV  
  68  5:42  Engineering Bay  
  68  5:46  Marine  
  64  5:50  Supply Depot  
  64  5:51  SCV  
  64  5:53  SCV, Marine x2  
  59  5:57  Siege Tank  
  59  6:02  Starport Reactor, Marine x2  
  59  6:03  SCV  
  65  6:04  Orbital Command, Marine  
  65  6:05  SCV  
  65  6:09  Terran Infantry Weapons Level 1  
  67  6:14  Marine x2  
  67  6:15  SCV  
  67  6:16  Terran Infantry Armor Level 1  
  67  6:17  SCV  
  71  6:19  Marine  
  72  6:27  Marine  
  72  6:28  Barracks, Marine  
  72  6:29  Barracks  
  72  6:31  Marine  
  72  6:32  Siege Tank  
  78  6:34  SCV x3  
  81  6:40  Medivac  
  81  6:45  Medivac  
  81  6:46  Marine x3  
  88  6:47  SCV x3  
  88  6:48  Missile Turret  
  91  6:54  Supply Depot  
  91  6:59  SCV x3, Marine  
  91  7:00  Marine  
  95  7:03  Marine x2  
  95  7:04  Supply Depot  
  95  7:06  Supply Depot  
  97  7:10  Marine  
  97  7:11  Refinery x2, Combat Shields, SCV x3  
  100  7:16  Supply Depot  
  100  7:17  Barracks Reactor, Marine  
  100  7:18  Barracks Reactor, Marine  
  100  7:19  Siege Tank  
  100  7:21  Marine  
  106  7:24  SCV x3  
  106  7:26  Medivac  
  106  7:27  Missile Turret  
  110  7:32  Marine x2  
  110  7:35  Marine  
  110  7:36  Marine  
  113  7:37  SCV  
  113  7:38  Medivac  
  113  7:39  Marine  
  113  7:43  SCV x2  
  119  7:46  Armory  
  119  7:47  Supply Depot  
  119  7:49  SCV  
  119  7:50  Supply Depot, Marine x2  
  122  7:53  Marine  
  122  7:54  Marine  
  122  7:55  Marine x3, SCV, Siege Tank  
  122  7:57  Marine  
  132  8:00  SCV  
  133  8:06  SCV, Marine  
  133  8:08  SCV, Marine x2  
  133  8:11  Marine  
  137  8:13  Supply Depot  
  137  8:15  Marine  
  137  8:17  Marine x2  
  137  8:20  Marine  
  137  8:22  SCV  
  137  8:25  Medivac x2  
  144  8:29  Siege Tank  
  144  8:32  Marine x2  
  144  8:34  Marine x2  
  149  8:37  Factory  
  149  8:40  Supply Depot  
  150  8:41  Supply Depot, SCV  
  150  8:42  SCV  
  150  8:45  Marine x2  
  150  8:46  Barracks Reactor, Marine  
  150  8:47  SCV  
  152  8:53  Terran Vehicle Weapons Level 1  
  151  8:56  Marine x2  
  151  8:59  SCV  
  151  9:00  Marine  
  151  9:02  Siege Tank  
  158  9:04  Marine x2  
  158  9:07  SCV  
  161  9:13  Sensor Tower  
  161  9:14  Medivac  
  161  9:16  Supply Depot, Marine x3  
  161  9:17  Marine  
  166  9:18  Supply Depot  
  167  9:27  Marine x2  
  167  9:28  Marine  
  167  9:29  Command Center  
  170  9:36  Siege Tank  
  173  9:38  Siege Tank  
  173  9:39  Marine  
  173  9:43  Marine  
  173  9:44  Marine x2  
  180  9:46  Marine  
  180  9:51  Marine x2  
  183  9:53  Supply Depot  
  183  9:54  Marine  
  184  10:03  Supply Depot, Marine x3  
  187  10:07  Barracks x2  
  187  10:09  Marine  
  188  10:14  Siege Tank x2  
  188  10:16  Marine x2  
  188  10:17  Marine x2  
  185  10:24  Marine  
  185  10:26  Marine  
  185  10:27  Marine x2  
Show
View Real Time Build Order
Export as new Build Order

TYTY Terran 

Build Orders: Reaper Expand, Bio Tank 

Get SALT Encoding   

  12  0:00  SCV  
  13  0:12  SCV  
  14  0:16  Supply Depot  
  14  0:24  SCV  
  15  0:38  SCV  
  15  0:39  Barracks  
  16  0:43  Refinery  
  16  0:50  SCV  
  17  1:02  SCV  
  18  1:14  SCV  
  19  1:27  Reaper, Orbital Command  
  20  1:42  Command Center  
  20  1:54  SCV  
  20  1:58  Supply Depot, Marine  
  22  2:08  Factory  
  22  2:11  SCV  
  23  2:16  Refinery  
  23  2:21  Barracks Reactor  
  23  2:23  SCV  
  24  2:35  SCV  
  25  2:47  SCV  
  26  2:54  Starport, Orbital Command  
  26  3:00  Hellion x2, SCV  
  26  3:05  Barracks Tech Lab  
  31  3:12  SCV  
  32  3:20  SCV  
  32  3:21  Hellion x2  
  32  3:24  SCV  
  38  3:32  SCV  
  38  3:34  Supply Depot  
  39  3:36  Raven  
  39  3:38  SCV  
  42  3:47  Marine x2  
  44  3:49  Factory Tech Lab, SCV  
  44  3:50  SCV  
  46  3:57  Supply Depot  
  46  4:02  SCV  
  47  4:03  SCV  
  47  4:05  Marine x2  
  47  4:08  Siege Tank  
  52  4:14  SCV  
  52  4:15  SCV  
  52  4:16  Refinery  
  52  4:26  SCV  
  52  4:27  SCV  
  52  4:28  Starport Reactor  
  54  4:31  Barracks  
  54  4:32  Stimpack, Marine  
  54  4:35  Barracks  
  54  4:38  SCV  
  56  4:39  SCV  
  57  4:47  Siege Tank  
  57  4:50  SCV  
  57  4:51  SCV  
  61  4:53  Supply Depot, Engineering Bay  
  61  4:54  Supply Depot  
  61  5:02  SCV  
  61  5:04  Supply Depot  
  62  5:07  SCV  
  62  5:13  Command Center, Starport Reactor  
  62  5:15  SCV, Marine  
  62  5:19  Siege Tank  
  67  5:23  SCV  
  67  5:26  Marine  
  67  5:27  SCV  
  59  5:35  SCV  
  59  5:38  Marine x2  
  59  5:39  SCV  
  61  5:48  SCV  
  60  5:55  Marine  
  61  6:00  Terran Infantry Weapons Level 1  
  61  6:01  Medivac  
  62  6:05  Medivac  
  62  6:06  Marine x4  
  62  6:07  SCV  
  62  6:09  SCV  
  67  6:13  Marine  
  67  6:15  Refinery, Supply Depot  
  68  6:22  Siege Tank  
  68  6:23  SCV, Marine x2  
  68  6:24  Marine  
  75  6:27  Orbital Command  
  75  6:31  Marine  
  75  6:32  Engineering Bay  
  76  6:35  Medivac  
  76  6:38  SCV x2  
  80  6:41  Combat Shields  
  80  6:42  Marine x2  
  80  6:43  Orbital Command  
  80  6:44  Marine  
  83  6:47  Marine  
  83  6:50  SCV x2  
  83  6:51  Supply Depot  
  86  7:00  Marine, Siege Tank  
  86  7:01  Marine x2  
  92  7:02  SCV  
  92  7:03  SCV, Terran Infantry Armor Level 1  
  85  7:09  Marine x2  
  85  7:10  SCV  
  85  7:15  SCV x2  
  88  7:17  Medivac x2  
  88  7:18  Marine  
  88  7:22  SCV  
  94  7:25  Marine x2  
  94  7:27  SCV x2  
  98  7:34  Armory  
  98  7:35  SCV  
  99  7:39  Barracks x2, SCV  
  99  7:40  Siege Tank  
  99  7:41  SCV  
  104  7:44  Marine x2  
  104  7:45  Marine x2  
  108  7:53  Supply Depot, SCV x2  
  108  7:55  Supply Depot  
  109  8:09  SCV  
  109  8:15  Medivac x2, SCV, Marine x3  
  109  8:18  Marine  
  109  8:19  Supply Depot, Marine  
  115  8:20  Supply Depot  
  115  8:22  Supply Depot  
  113  8:28  SCV x2  
  113  8:30  Terran Infantry Weapons Level 2  
  113  8:31  Supply Depot x2  
  113  8:32  Marine x3  
  113  8:33  Refinery  
  117  8:34  Refinery  
  117  8:36  Liberator  
  117  8:38  Barracks Reactor x2, SCV  
  117  8:39  Marine  
  117  8:40  Supply Depot  
  120  8:41  Liberator  
  120  8:44  SCV  
  120  8:45  Sensor Tower, SCV  
  120  8:46  Marine  
  123  8:50  SCV, Marine  
  123  8:53  Marine x2  
  122  8:57  SCV, Marine  
  122  9:00  SCV  
  122  9:02  Missile Turret  
  128  9:03  SCV  
  128  9:04  Marine  
  128  9:08  Marine  
  130  9:11  Supply Depot, Marine  
  130  9:12  Supply Depot, Marine  
  130  9:15  Marine  
  132  9:17  Marine x2  
  132  9:21  Siege Tank  
  132  9:22  Liberator, Marine  
  137  9:24  Marine x2  
  137  9:26  Marine  
  137  9:29  Marine  
  137  9:31  Marine  
  140  9:32  Sensor Tower, SCV  
  140  9:35  Marine x2  
  139  9:45  Marine  
  143  9:46  Marine x3  
  143  9:47  Viking  
  143  9:52  Supply Depot  
  148  9:55  Siege Tank  
  148  9:59  Marine x4  
  154  10:04  Marine  
  154  10:05  Marine x2  
  157  10:13  Supply Depot  
  145  10:22  Marine  
  140  10:31  Marine  
  140  10:32  Marine x4  
  140  10:35  SCV  
Tags
 
Add a new tag
Caveats
  • Supply blocks, unpowered buildings, or Contaminate may cause inaccurate times.
  • Supply counts are checked every 10 seconds.